 Dungeon Crawl Stone Soup version 0.31-a0-145-g046c7d2549 (webtiles) character file.

Game seed: 14333676644226704401

61 jasper the Firebug (level 3, -9/26 HPs)
             Began as a Demigod Fire Elementalist on June 6, 2023.
             Succumbed to their own poison gas
             ... on level 2 of the Dungeon.
             The game lasted 00:02:29 (2318 turns).

jasper the Firebug (Demigod Fire Elementalist)      Turns: 2318, Time: 00:02:30

Health: -9/26      AC:  3    Str: 13    XL:     3   Next: 58%
Magic:  8/8        EV: 12    Int: 17    God:
Gold:   80         SH:  0    Dex: 14    Spells: 3/6 levels left

rFire   . . .        h - +0 dagger (venom)
rCold   . . .        (no shield)
rNeg    . . .        a - +0 robe
rPois   .            (no helmet)
rElec   .            l - +0 cloak
rCorr   .            (no gloves)
SInv    .            (no boots)
Will    .....        (no amulet)
Stlth   ++           (no ring)
HPRegen 0.24/turn    (no ring)
MPRegen 0.11/turn

%: no passive effects
@: lethally poisoned (-9 -> -56), about to teleport
A: high MP 1, forlorn, divine attributes
a: no special abilities


You were on level 2 of the Dungeon.
You visited 1 branch of the dungeon, and saw 2 of its levels.

You collected 80 gold pieces.

Inventory:

Hand Weapons
 e - a +0 whip
 h - a +0 dagger of venom (weapon)
 i - a +0 heavy spear
 n - a +0 rapier
Armour
 a - a +0 robe (worn)
 l - a +0 cloak (worn)
 q - a +0 buckler
Magical Staves
 g - a staff of cold
Scrolls
 j - a scroll of blinking
 k - a scroll of teleportation
 o - a scroll of torment {unknown}
 p - a scroll of identify {unknown}
Potions
 b - a potion of magic
 f - a potion of might {unknown}
 r - a potion of lignification {unknown}
 s - 2 potions of attraction {unknown}


   Skills:
 - Level 1.7 Dodging
 - Level 1.7 Stealth
 - Level 2.0 Spellcasting
 + Level 2.3 Conjurations
 + Level 3.5 Fire Magic


You had 3 spell levels left.
You knew the following spells:

 Your Spells              Type           Power      Damage    Failure   Level
a - Foxfire               Conj/Fire      44%        2x1d6     6%          1
b - Scorch                Fire           26%        2d6       7%          2

Your spell library contained the following spells:

 Spells                   Type           Power      Damage    Failure   Level
 Poisonous Vapours        Pois/Air       2%         N/A       28%         2
 Inner Flame              Hex/Fire       7%         N/A       28%         3
 Volatile Blastmotes      Fire/Tloc      14%        2d11      28%         3
 Mephitic Cloud           Conj/Pois/Air  4%         N/A       38%         3
 Flame Wave               Conj/Fire      11%        2d6       50%         4
 Freezing Cloud           Conj/Ice/Air   2%         6-21      98%         5


Dungeon Overview and Level Annotations

Branches:
Dungeon (2/15)

Shops:
D:2 *


Innate Abilities, Weirdness & Mutations

You have an increased reservoir of magic. (+10% MP)
You shall have no god before yourself.
Your divine heritage dramatically boosts your attributes as you level up.


Message History

Health restored: 26; MP restored: 8 A rat is nearby!
Found 8 stones.
Casting: Scorch (safe; 7% risk of failure)
Press: ? - help, Q - select action, (/) - cycle Dir - look around, f - activate Flames lash the rat.
You kill the rat!
You now have 6/8 mp.
r - a yellow potion You see here 8 stones.
MP restored: 8
Found 3 stones.
s - 2 brown potions Done exploring.
Done exploring.
As you read the scroll labelled ODDINI TIEPI, it crumbles to dust.
The air around you briefly surges with heat, but it dissipates.
It was a scroll of immolation.
The air fills with toxic fumes!
As you read the scroll labelled AZASHR ONEUS, it crumbles to dust.
It was a scroll of poison.
Blink to where?
Press: ? - help, Dir - move target Really blink into that cloud of poison gas?
As you read the scroll labelled DEONEWK LIULYONE, it crumbles to dust.
It was a scroll of blinking.
You are engulfed in poison gas.
You are poisoned.
You feel very sick.
You take 6 damage, and have 20/26 hp.
MASSIVE DAMAGE!!
As you read the scroll labelled LIALEL HIDGHU, it crumbles to dust.
You feel strangely unstable.
It was a scroll of teleportation.
You are engulfed in poison gas.
You are lethally poisoned!
You feel very sick.
You take 12 damage, and have 8/26 hp.
MASSIVE DAMAGE!!
As you read the scroll labelled LADGHO JOMPA, it crumbles to dust.
You feel momentarily disoriented.
It was a scroll of magic mapping.
You are engulfed in poison gas.
You are more poisoned.
* * * LOW HITPOINT WARNING * * *
You die...

#.#...#.#
#.# ##
#.#####.#
#.######
#.....#§#
#.....#.
##.....§##
#####.#.
#.#...§§#
#.#.
#...###§#
#.#. ###.#
#§# #...
#.# #§#
####
#.###@##
#§§§§.§#
########


There were no monsters in sight!

Vanquished Creatures
  2 adders (D:2)
  3 worms (D:2)
  4 ball pythons
  A bat (D:1)
  2 endoplasms
  A giant cockroach (D:2)
  2 hobgoblins
  2 jackals (D:2)
  5 kobolds
  A quokka (D:2)
  A frilled lizard (D:2)
  6 goblins
  6 rats
36 creatures vanquished.

Vanquished Creatures (others)
  31 foxfires
31 creatures vanquished.

Grand Total: 67 creatures vanquished

Notes
Turn   | Place    | Note
-------+----------+-------------------------------------------
     0 | D:1      | jasper the Demigod Fire Elementalist began the quest for
                  | the Orb.
     0 | D:1      | Reached XP level 1. HP: 14/14 MP: 5/5
   117 | D:1      | Reached skill level 1 in Conjurations
   768 | D:1      | Reached XP level 2. HP: 20/20 MP: 4/7
   771 | D:1      | Learned a level 2 spell: Scorch
   919 | D:1      | Reached skill level 3 in Fire Magic
  1337 | D:2      | Reached XP level 3. HP: 26/26 MP: 5/8
  1527 | D:2      | Found Poviev Qoem's General Store.
  2318 | D:2      | Succumbed to their own poison gas

Illustrated notes

Levels and vault maps discovered:
D:1:      ncdulo_watergridlock, layout_loops_corners, dk_noncrumbling_4,
          chequers_serial_rivers_micro_e, dk_noncrumbling_2
D:2:      layout_basic, basic_altar,
          dreamdust_ecumenical_altar_hidden_monk_grotto, serial_shops,
          nicolae_shop_window_shopping

Skill      XL: |  1  2  3 |
---------------+----------+-----
Conjurations   | 1 2 |  2.3
Spellcasting   | 2 |  2.0
Fire Magic     | 3 |  3.5
Dodging        | |  1.7
Stealth        | |  1.7

Action                     || total
---------------------------++-------
  Melee: Dagger            ||    22
   Cast: Foxfire           ||    23
         Scorch            ||    23
    Use: Scroll            ||     5
 Armour: Robe              ||    15
  Dodge: Dodged            ||    20

Table legend: (Time is in decaauts)
 A = Elapsed time spent in this place.
 B = Non-inter-level travel time spent in this place.
 C = Inter-level travel time spent in this place.
 D = Time resting spent in this place.
 E = Time spent auto-exploring this place.
 F = Levels seen in this place.
 G = Mean time per level.
                   A        B        C        D        E       F      G
               +--------+--------+--------+--------+--------+-----+--------+
         Total |   2317 |   2261 |     56 |     47 |   1979 |   2 | 1158.5 |
       Dungeon |   2317 |   2261 |     56 |     47 |   1979 |   2 | 1158.5 |
               +--------+--------+--------+--------+--------+-----+--------+

Top non-repeatable levels by time:
     D:2: 1186 daAuts
     D:1: 1130 daAuts
